 Dungeon Crawl Stone Soup version 0.25-a0-591-g2ad0d861f1 (webtiles) character file.

Game seed: 6537383794727907723, levelgen mode: deterministic

131 Eurus the Firebug (level 4, -2/30 HPs)
             Began as a Demonspawn Fire Elementalist on Mar 14, 2020.
             Slain by an orc
             ... wielding a +0 club
              (5 damage)
             ... on level 3 of the Dungeon.
             The game lasted 00:10:47 (3630 turns).

Eurus the Firebug (Demonspawn Fire Elementalist)    Turns: 3630, Time: 00:10:47

Health: -2/30      AC:  2    Str:  8    XL:     4   Next: 91%
Magic:  6/8        EV: 12    Int: 17    God:
Gold:   114        SH:  0    Dex: 14    Spells: 1/9 levels left

rFire    . . .     SeeInvis .   d - +0 dagger
rCold    . . .     Gourm    .   (no shield)
rNeg     . . .     Faith    .   a - +0 robe
rPois    .         Spirit   .   (no helmet)
rElec    .         Reflect  .   k - scarf {cloud immunity}
rCorr    .         Harm     .   (no gloves)
MR       .....                  (no boots)
Stlth    ++........             (no amulet)
HPRegen  0.10/turn              (no ring)
MPRegen  0.11/turn              (no ring)

@: no status effects
A: claws 1, demonic guardian 1
a: no special abilities


You were on level 3 of the Dungeon.
You were near starving.

You visited 1 branch of the dungeon, and saw 3 of its levels.

You collected 114 gold pieces.

Inventory:

Hand Weapons
 d - a +0 dagger (weapon)
Armour
 a - a +0 robe (worn)
 k - a scarf of cloud immunity (worn)
Scrolls
 b - 4 scrolls of identify {unknown}
 e - a scroll of remove curse {unknown}
 f - a scroll of fog {unknown}
 h - a scroll of amnesia {unknown}
 l - a scroll of immolation {unknown}
Potions
 g - a potion of might {unknown}
 i - a potion of brilliance {unknown}
 j - a potion of heal wounds {unknown}
Comestibles
 c - 4 rations


   Skills:
 - Level 1.7 Dodging
 - Level 1.7 Stealth
 + Level 3.1 Spellcasting
 + Level 2.7 Conjurations
 + Level 3.7 Fire Magic


You had one spell level left.
You knew the following spells:

 Your Spells              Type           Power        Failure   Level  Hunger
a - Foxfire               Conj/Fire      ##..         4%          1    None
b - Sticky Flame          Conj/Fire      ##......     41%         4    ####...
c - Conjure Flame         Conj/Fire      ##......     14%         3    ###....

Your spell library contained the following spells:

 Spells                   Type           Power        Failure   Level  Hunger
 Inner Flame              Hex/Fire       #.......     24%         3    ###....
 Fireball                 Conj/Fire      ##........   77%         5    ######.


Dungeon Overview and Level Annotations

Branches:
Dungeon (3/15)

Altars:
Cheibriados
Uskayaw


Innate Abilities, Weirdness & Mutations

You have sharp fingernails.
A weak demonic guardian rushes to your aid.


Message History

You conjure some foxfire!
The orc closely misses you. The orc barely misses you.
You barely miss the orc.
The orc is moderately wounded.
The foxfire hits the orc.
The orc is severely wounded.
The foxfire hits the orc but does no damage.
The orc is moderately wounded.
The orc hits you with a +0 club.
* * * LOW HITPOINT WARNING * * *
The orc closely misses you. The orc hits you with a +0 club.
* * * LOW HITPOINT WARNING * * *
You hit the orc but do no damage.
The orc is severely wounded.
The orc hits you but does no damage. x2
You barely miss the orc.
The orc is severely wounded.
The orc barely misses you. The orc hits you with a +0 club.
You die...

#...........# ###.#.
#...........####. ..
#...........#.... .
#................
#................
####.............
#.............
#..oo.........
##.@.........#
####...........#
#..............#
####.##.......###.#
#.......##.##.....#
#.##.##.#...#..####
#########.#...#..........
<.......)...........#..##.
########..#........##..# #


You could see 2 orcs.

Vanquished Creatures
  4 adders (D:2)
  2 worms (D:2)
  A dart slug (D:1)
  5 leopard geckos
  An orc (D:3)
  6 giant cockroaches
  9 goblins
  4 hobgoblins
  6 jackals (D:1)
  8 bats
  3 frilled lizards (D:1)
  6 kobolds
  7 rats
62 creatures vanquished.

Vanquished Creatures (collateral kills)
  An orc wizard (D:3)
1 creature vanquished.

Vanquished Creatures (others)
  126 foxfires
  7 toadstools (D:1)
133 creatures vanquished.

Grand Total: 196 creatures vanquished

Notes
Turn   | Place    | Note
-------+----------+-------------------------------------------
     0 | D:1      | Eurus the Demonspawn Fire Elementalist began the quest for
                  | the Orb.
     0 | D:1      | Reached XP level 1. HP: 13/13 MP: 3/3
   280 | D:1      | Gained mutation: A weak demonic guardian rushes to your
                  | aid. [demonic ancestry]
   280 | D:1      | Reached XP level 2. HP: 14/19 MP: 3/5
  1290 | D:1      | Reached XP level 3. HP: 24/24 MP: 4/6
  1694 | D:2      | Found a hide-covered altar of Uskayaw.
  1695 | D:2      | Noticed a +0 dagger
  1695 | D:2      | Noticed a +0 dagger
  1729 | D:2      | HP: 1/24 [poisoned by an adder]
  2137 | D:2      | Found a snail-covered altar of Cheibriados.
  2301 | D:2      | Gained mutation: You have sharp fingernails. [demonic
                  | ancestry]
  2301 | D:2      | Reached XP level 4. HP: 29/30 MP: 3/8
  3144 | D:3      | Learned a level 4 spell: Sticky Flame
  3148 | D:3      | Learned a level 3 spell: Conjure Flame
  3630 | D:3      | Slain by an orc

Levels and vault maps discovered:
D:1:      nagdon_arrival_double_spiral, layout_basic, minivault_23
D:2:      layout_basic, overflow_temple_1_default, dancing_weapons_uskayaw
D:3:      layout_basic, lemuel_coloured_pillars_altar, palyth_stone_intersect,
          hangedman_decor_clover_reticule

Skill      XL: |  1  2  3  4 |
---------------+-------------+-----
Fire Magic     | 3 |  3.7
Conjurations   | 2 |  2.7
Spellcasting   | 3 |  3.1
Dodging        | |  1.7
Stealth        | |  1.7

Action                   |  1- 3 |  4- 6 || total
-------------------------+-------+-------++-------
Melee: Dagger            |    87 |    70 ||   157
 Cast: Foxfire           |    60 |    29 ||    89
 Stab: Sleeping          |       |     1 ||     1
  Eat: Chunk             |     2 |     2 ||     4
       Ration            |     1 |       ||     1
Armor: Robe              |    27 |    20 ||    47
Dodge: Dodged            |    80 |    52 ||   132

Table legend:
 A = Non-vault XP
 B = Vault XP
 C = Vault XP percentage of total XP
 D = Non-vault monster count
 E = Vault monster count
 F = Vault count percentage of total count
                 A         B        C        D         E       F
            +---------+---------+-------+---------+---------+-------
      Total |     188 |       0 |   0.0 |      63 |       0 |   0.0
            +---------+---------+-------+---------+---------+-------
        D:1 |      46 |       0 |   0.0 |      26 |       0 |   0.0
        D:2 |     102 |       0 |   0.0 |      29 |       0 |   0.0
        D:3 |      40 |       0 |   0.0 |       8 |       0 |   0.0
            +---------+---------+-------+---------+---------+-------
